 Dungeon Crawl Stone Soup version 0.31-a0-1412-g7b7c7d10e1 (webtiles) character file.

Game seed: 9407860427246800324

18540 Migho the Brawler (level 12, 0/110 HPs)
             Began as a Troll Berserker on Dec 26, 2023.
             Was a High Priest of Trog.
             Slain by a black mamba (9 damage)
             ... on level 1 of the Lair of Beasts.
             The game lasted 01:05:24 (11284 turns).

Migho the Brawler (Troll Berserker)                Turns: 11284, Time: 01:05:24

Health: 0/110      AC:  7    Str: 32    XL:     12   Next: 28%
Magic:  11/11      EV: 12    Int:  3    God:    Trog [*****.]
Gold:   452        SH:  0    Dex: 15    Spells: 11/11 levels left

rFire   . .          .
                       - Unarmed
rCold   . . .        (no shield)
rNeg    . . .        N - +0 steam dragon scales
rPois   .            (helmet restricted)
rElec   .            (no cloak)
rCorr   .            (gloves unavailable)
SInv    .            (boots unavailable)
Will    ++...        J - amulet of regeneration
Stlth   +            g - +6 ring of dexterity
HPRegen 2.98/turn    (no ring)
MPRegen 0.12/turn

%: no passive effects
@: lethally poisoned (0 -> -1), strong-willed, on berserk cooldown,
regenerating, slowed, studying 2 skills, very slow
A: large, unfitting armour, claws 3, regeneration 1, shaggy fur 1, tough skin 1
a: Renounce Religion, Berserk, Trog's Hand, Brothers in Arms


You were on level 1 of the Lair of Beasts.
You worshipped Trog.
Trog was extremely pleased with you.
You visited 2 branches of the dungeon, and saw 13 of its levels.

You collected 752 gold pieces.
You spent 300 gold pieces at shops.

Inventory:

Hand Weapons
 D - a +3 executioner's axe of flaming
 L - a +0 lajatang of flaming
Missiles
 y - a throwing net
Armour
 a - a +0 animal skin
 b - an orb of light
 N - +0 steam dragon scales (worn)
Jewellery
 g - a +6 ring of dexterity (left claw)
 J - an amulet of regeneration (around neck)
 K - an amulet of faith
Wands
 s - a wand of flame (21)
 v - a wand of iceblast (22)
 w - a wand of light (14)
 x - a wand of paralysis (7)
 A - a wand of polymorph (18)
 E - a wand of mindburst (6)
Scrolls
 e - 3 scrolls of silence {unknown}
 j - a scroll of acquirement {unknown}
 l - a scroll of amnesia {unknown}
 o - a scroll of blinking {unknown}
 p - 2 scrolls of fog {unknown}
 q - a scroll of vulnerability {unknown}
 t - 2 scrolls of teleportation {unknown}
 B - 3 scrolls of noise {unknown}
 C - 3 scrolls of identify
 F - a scroll of enchant armour {unknown}
 G - a scroll of enchant weapon {unknown}
 M - a scroll of revelation {unknown}
Potions
 c - 2 potions of resistance
 d - 3 potions of enlightenment
 f - 3 potions of might
 h - 4 potions of brilliance
 i - 5 potions of curing
 k - 3 potions of heal wounds
 m - a potion of degeneration
 n - 3 potions of lignification
 r - 2 potions of cancellation
 u - 2 potions of mutation
 z - a potion of haste
 H - a potion of ambrosia {unknown}
 I - 2 potions of magic {unknown}


   Skills:
 + Level 4.8 Fighting
 + Level 6.0 Dodging
 * Level 18.4 Unarmed Combat


You had 11 spell levels left.
You didn't know any spells.
Your spell library was empty.

Dungeon Overview and Level Annotations

Branches:
Dungeon (11/15)            Temple (0/1) D:6            Lair (2/5) D:11
    Orc (0/2) D:11
  Swamp: Lair:2-3    Shoals: Lair:2-3     Snake: Lair:2-3    Spider: Lair:2-3

Altars:
Cheibriados
Elyvilon
Nemelex Xobeh
Ru
Sif Muna
Vehumet
Xom
Yredelemnul

Shops:
D:6 [*[   D:9 (   D:11 =!:


Innate Abilities, Weirdness & Mutations

You are too large for most types of armour.
You have claws for hands.
Your natural rate of healing is unusually fast.
You are covered in fur. (AC +1)
You have tough skin. (AC +1)


Message History

You mangle the rime drake!! Your claw misses the rime drake.
The rime drake is severely wounded.
You feel sick.
You are no longer poisoned.
The rime drake breathes ice at you. The icy flash freeze hits you!!
* * * LOW HITPOINT WARNING * * *
You are encased in ice.
The black mamba misses you.
You mangle the rime drake!!
You kill the rime drake!
Trog accepts your kill. The black mamba closely misses you. x2
The electric eel shoots out a bolt of lightning at you!
The bolt of electricity misses you.
Your ogre goes berserk!
The black mamba bites you but does no damage.
The black mamba barely misses you.
The electric eel shoots out a bolt of lightning at you!
The bolt of electricity hits your ogre! The bolt of electricity hits you.
* * * LOW HITPOINT WARNING * * *
The black mamba bites you.
* * * LOW HITPOINT WARNING * * *
You barely miss the black mamba. The ice encasing you melts away.
The black mamba bites you!
* * * LOW HITPOINT WARNING * * *
You are poisoned.
The black mamba poisons you!
You completely miss the black mamba.
You feel very sick. The black mamba bites you!
* * * LOW HITPOINT WARNING * * *
A cane toad comes into view.
The black mamba bites you but does no damage.
Your skin crawls.
You feel strong-willed.
You feel very sick. The black mamba misses you. The black mamba bites you!
You die...

................#####+###
................####..####
..........................
..........................
..........................
####.#..†##.##.###...##.##
# #...########....####
.##.###...S.#######...#####
..........@............(...
...........................
...............♣~~.........
.....#.####P..O~.. #.P.
...##.. #..~~.. ♣##.
....... ~~.~F. ♣.. . .#.#.
~~~~.S ♣.. .... .....~ ~.♣.
~...


You could see a black mamba, a cane toad, an electric eel (ally target) and a
friendly ogre (summoned, berserk).

Vanquished Creatures
  A two-headed ogre (D:11)
  2 cyclopes (D:11)
  The ghost of laxxanmousse the Trooper, a novice GrFi of Wu Jian (D:6)
  3 elephants (Lair:1)
  A black mamba (Lair:1)
  A torpor snail (D:11)
  6 cane toads
  2 rime drakes (Lair:1)
  3 komodo dragons
  A troll (D:11)
  The ghost of Salticid the Grasshopper, an amateur GnWr of Cheibriados (D:4)
  Prince Ribbit (D:8)
  A hornet (D:9)
  3 dream sheep
  Sigmund (D:2)
  2 shadows (D:10)
  23 yaks
  3 wyverns
  A warg (D:11)
  A steam dragon (Lair:1)
  3 vampire mosquitoes (D:10)
  An acid dragon (D:11)
  Duvessa (D:4)
  A black bear (D:4)
  3 orc warriors
  2 ice beasts (D:6)
  5 centaurs
  3 wolves
  4 ogres
  Blork the orc (D:4)
  6 kobold brigands
  4 scorpions
  4 bullfrogs
  A gnoll sergeant (D:8)
  7 wights
  Dowan (D:4)
  15 killer bees
  6 howler monkeys
  3 bombardier beetles
  5 jellies
  5 hounds
  5 orc priests
  6 iguanas
  Natasha (twice) (D:2)
  13 orc wizards
  12 gnolls
  4 adders
  10 river rats (D:6)
  2 shadow imps (D:6)
  3 white imps
  2 worms
  4 dart slugs
  41 orcs
  5 bats
  3 endoplasms
  2 giant cockroaches
  5 goblins
  9 hobgoblins
  4 jackals (D:1)
  34 kobolds
  4 quokkas
  8 ball pythons
  10 frilled lizards
  18 rats
345 creatures vanquished.

Vanquished Creatures (collateral kills)
  2 kobold demonologists (D:11)
  An orc wizard (D:11)
  A kobold (D:11)
4 creatures vanquished.

Vanquished Creatures (others)
  5 dream sheep (D:6)
5 creatures vanquished.

Grand Total: 354 creatures vanquished

Notes
Turn   | Place    | Note
-------+----------+-------------------------------------------
     0 | D:1      | Migho the Troll Berserker began the quest for the Orb.
     0 | D:1      | Reached XP level 1. HP: 22/22 MP: 0/0
   223 | D:1      | Reached XP level 2. HP: 29/29 MP: 1/1
   300 | D:1      | Found a faded altar of an unknown god.
   877 | D:2      | Noticed Sigmund
   894 | D:2      | Killed Sigmund
   895 | D:2      | Reached skill level 5 in Unarmed Combat
   895 | D:2      | Reached XP level 3. HP: 22/37 MP: 2/2
   895 | D:2      | Reached XP level 4. HP: 26/45 MP: 3/3
   895 | D:2      | Reached XP level 5. HP: 31/53 MP: 4/4
  1543 | D:2      | Noticed Natasha
  1587 | D:2      | Killed Natasha
  1587 | D:2      | Reached ** piety under Trog
  1612 | D:2      | Noticed Natasha
  1658 | D:2      | Killed Natasha
  1911 | D:3      | Reached XP level 6. HP: 61/61 MP: 5/5
  2283 | D:3      | Reached skill level 6 in Unarmed Combat
  3006 | D:4      | Reached XP level 7. HP: 64/67 MP: 6/6
  3038 | D:4      | Reached skill level 7 in Unarmed Combat
  3350 | D:4      | Noticed Dowan
  3352 | D:4      | Noticed Duvessa
  3362 | D:4      | Killed Duvessa
  3362 | D:4      | Reached *** piety under Trog
  3369 | D:4      | Killed Dowan
  3501 | D:4      | Noticed Blork the orc
  3509 | D:4      | Killed Blork the orc
  3510 | D:4      | Reached skill level 8 in Unarmed Combat
  3537 | D:4      | Noticed Salticid's ghost (amateur GnWr)
  3538 | D:4      | Found a transporter.
  3547 | D:4      | Found a transporter.
  3556 | D:4      | Reached XP level 8. HP: 57/75 MP: 7/7
  3570 | D:4      | Killed Salticid's ghost
  3571 | D:4      | Reached skill level 9 in Unarmed Combat
  3963 | D:5      | Entered Level 5 of the Dungeon
  4121 | D:5      | Reached skill level 10 in Unarmed Combat
  4207 | D:5      | Identified the +5 quarterstaff of Disharmony {pain, rElec
                  | rPois Will+}
  4345 | D:5      | Found a radiant altar of Vehumet.
  4385 | D:6      | Reached **** piety under Trog
  4408 | D:6      | Found a staircase to the Ecumenical Temple.
  4812 | D:6      | Reached skill level 11 in Unarmed Combat
  4821 | D:6      | Reached XP level 9. HP: 73/83 MP: 8/8
  4926 | D:6      | Reached ***** piety under Trog
  5127 | D:6      | Found a shimmering altar of Xom.
  5156 | D:6      | Found Viazoi's Antique Armour Boutique.
  5156 | D:6      | Found Alaaru Ryuwn's Assorted Antiques.
  5157 | D:6      | Found Etsi's Armour Boutique.
  5323 | D:6      | Found a runed translucent gate.
  5323 | D:6      | Found a runed translucent gate.
  5323 | D:6      | Found a runed translucent gate.
  5339 | D:6      | Noticed laxxanmousse's ghost (novice GrFi)
  5556 | D:6      | Killed laxxanmousse's ghost
  5557 | D:6      | Reached skill level 12 in Unarmed Combat
  6278 | D:7      | Reached skill level 13 in Unarmed Combat
  6585 | D:8      | Reached XP level 10. HP: 76/92 MP: 9/9
  6636 | D:8      | Noticed Prince Ribbit
  6649 | D:8      | Killed Prince Ribbit
  6710 | D:8      | Reached skill level 14 in Unarmed Combat
  7028 | D:8      | Found a sacrificial altar of Ru.
  7065 | D:8      | Found a basalt altar of Yredelemnul.
  7237 | D:8      | Found a shimmering blue altar of Sif Muna.
  7296 | D:8      | Found a white marble altar of Elyvilon.
  7454 | D:9      | Reached skill level 5 in Dodging
  7455 | D:9      | Received a gift from Trog
  7505 | D:9      | Reached skill level 15 in Unarmed Combat
  7932 | D:9      | Found Etsiu's Weapon Boutique.
  8055 | D:9      | Reached XP level 11. HP: 100/100 MP: 10/10
  8249 | D:9      | Found a sparkling altar of Nemelex Xobeh.
  8323 | D:10     | Entered Level 10 of the Dungeon
  8689 | D:10     | Found a snail-covered altar of Cheibriados.
  9046 | D:10     | Reached skill level 16 in Unarmed Combat
  9398 | D:11     | Found Ceny's Book Shoppe.
  9633 | D:11     | Found a staircase to the Lair.
  9739 | D:11     | Noticed a two-headed ogre
  9759 | D:11     | Killed a two-headed ogre
  9809 | D:11     | Found Aliys's Distillery.
  9886 | D:11     | Found Orao's Jewellery Boutique.
  9900 | D:11     | Bought an amulet of regeneration for 300 gold pieces
  9991 | D:11     | Found a staircase to the Orcish Mines.
 10020 | D:11     | Noticed a soul eater
 10025 | D:11     | Noticed a sixfirhy
 10031 | D:11     | Reached skill level 17 in Unarmed Combat
 10461 | Lair:1   | Entered Level 1 of the Lair of Beasts
 10707 | Lair:1   | Reached XP level 12. HP: 59/109 MP: 11/11
 10797 | Lair:1   | Received a gift from Trog
 10817 | Lair:1   | Reached skill level 18 in Unarmed Combat
 10970 | Lair:1   | You fall into a shaft and drop 1 floor!
 11284 | Lair:1   | Slain by a black mamba

Illustrated notes

Levels and vault maps discovered:
D:1:      arrival_zaba_pyramid, layout_basic,
          hellmonk_ecumenical_altar_inner_sanctum
D:2:      layout_basic, uniq_natasha, uniq_sigmund
D:3:      layout_loops_corners
D:4:      layout_loops_ring, gammafunk_ghost_smash,
          kennysheep_opposing_triangles, uniq_blork_the_orc, uniq_duvessa
D:5:      layout_rooms, mainiacjoe_overflow_alcove_1
D:6:      lemuel_ratsnest, layout_loops_corners, kb_xom_exploding_sheep,
          temple_doors_e, ebering_ghost_rock_garden,
          nicolae_shop_distant_corner_stores, minmay_lizard_king
D:7:      layout_loops_ring, minmay_manual_mares
D:8:      layout_loops_cross, nicolae_overflow_quartered_altars,
          uniq_prince_ribbit1
D:9:      layout_stronghold, nicolae_overflow_crystal_walls, serial_shops,
          nicolae_shop_trees
D:10:     layout_basic, amcnicky_altar_gilded
D:11:     layout_long_grid, erik_lair_orcish_takeover, david_orc_3,
          serial_shops, shop, shop, nicolae_shop_back_alley_shop,
          glass_columns_a
Lair:1:   layout_long_grid, st_stairs_10, nicolae_quartered_pool_medium,
          grunt_megastairs_2
Lair:2:   layout_long_grid, mainiacjoe_shoals_entry_four_pools, uniq_nergalle

Skill      XL: |  1  2  3  4  5  6  7  8  9 10 11 12 |
---------------+-------------------------------------+-----
Fighting       | 3 4 |  4.8
Dodging        | 3 4 5 6 |  6.0
Unarmed Combat | 5 6 8 11 13 15 17 18 | 18.4

Action                     |  1- 3 |  4- 6 |  7- 9 | 10-12 || total
---------------------------+-------+-------+-------+-------++-------
  Melee: Unarmed           |    43 |    90 |   287 |   335 ||   755
         Punch             |       |       |       |    22 ||    22
         Executioner's axe |       |       |       |     2 ||     2
 Invoke: Berserk           |       |       |     1 |     5 ||     6
         Trog's Hand       |       |       |       |     2 ||     2
         Brothers in Arms  |       |       |       |     2 ||     2
    Use: Scroll            |       |     7 |     4 |       ||    11
         Potion            |       |       |       |     2 ||     2
   Stab: Sleeping          |       |       |     1 |     1 ||     2
 Armour: Animal skin       |    22 |    64 |   131 |   210 ||   427
         Steam dragon scal |       |       |       |    15 ||    15
  Dodge: Dodged            |    18 |    67 |    87 |   174 ||   346

Table legend: (Time is in decaauts)
 A = Elapsed time spent in this place.
 B = Non-inter-level travel time spent in this place.
 C = Inter-level travel time spent in this place.
 D = Time resting spent in this place.
 E = Time spent auto-exploring this place.
 F = Levels seen in this place.
 G = Mean time per level.
                   A        B        C        D        E       F      G
               +--------+--------+--------+--------+--------+-----+--------+
         Total |  11163 |  11163 |      0 |    472 |   3596 |  13 |  858.7 |
       Dungeon |  10400 |  10400 |      0 |    436 |   3596 |  11 |  945.5 |
          Lair |    762 |    762 |      0 |     36 |      0 |   2 |  381.0 |
               +--------+--------+--------+--------+--------+-----+--------+

Top non-repeatable levels by time:
     D:6: 1386 daAuts
     D:2: 1194 daAuts
    D:11: 1121 daAuts
     D:3: 1081 daAuts
    D:10: 1037 daAuts
     D:4: 994 daAuts
     D:9: 883 daAuts
     D:8: 839 daAuts
     D:7: 702 daAuts
     D:1: 680 daAuts
  Lair:1: 558 daAuts
     D:5: 480 daAuts
  Lair:2: 204 daAuts
